 Dungeon Crawl Stone Soup version 0.24.0-28-g17ded55e90 (webtiles) character file.

Game seed: 16908364020934528825, levelgen mode: deterministic

7597 PentaManta the Spry (level 10, -4/46 HPs)
             Began as a Spriggan Assassin on Nov 13, 2019.
             Was a Follower of Uskayaw.
             Slain by Harold
             ... wielding a +0 scimitar
              (28 damage)
             ... on level 10 of the Dungeon.
             The game lasted 00:34:05 (11969 turns).

PentaManta the Spry (Spriggan Assassin)            Turns: 11969, Time: 00:34:06

Health: -4/46      AC:  5    Str:  7    XL:     10   Next: 97%
Magic:  0/11       EV: 34    Int: 12    God:    Uskayaw [*.....]
Gold:   532        SH:  0    Dex: 22    Spells: 9/9 levels left

rFire    + . .     SeeInvis +   y - +1 rapier of Weoczago {flame, rElec rF+ rC+ MR+}
rCold    + . .     Gourm    .   (shield restricted)
rNeg     + . .     Faith    .   b - +0 robe
rPois    .         Spirit   +   h - +2 hat {MR+}
rElec    +         Reflect  .   c - +0 cloak
rCorr    .         Harm     .   (gloves unavailable)
MR       +++..                  (boots unavailable)
Stlth    ++++++....             s - amulet of guardian spirit
HPRegen  0.15/turn              j - ring of positive energy
MPRegen  0.12/turn              (no ring)

@: very quick
A: very small, unfitting armour, see invisible, herbivore, speed 3, slow
metabolism 2
a: Stomp, Renounce Religion


You were on level 10 of the Dungeon.
You worshipped Uskayaw.
Uskayaw was noncommittal.
You were near starving.

You visited 2 branches of the dungeon, and saw 11 of its levels.

You collected 591 gold pieces.
You spent 59 gold pieces at shops.

Inventory:

Hand Weapons
 x - the +8 hand axe "Dragonslayer" {freeze, rN+}
   (You found it on level 7 of the Dungeon)

   It has been specially enchanted to freeze those struck by it, causing extra
   injury to most foes and up to half again as much damage against particularly
   susceptible opponents.
   It can also slow down cold-blooded creatures.
   It protects you from negative energy.
 y - the +1 rapier of Weoczago (weapon) {flame, rElec rF+ rC+ MR+}
   (You found it on level 7 of the Dungeon)

   It has been specially enchanted to burn those struck by it, causing extra
   injury to most foes and up to half again as much damage against particularly
   susceptible opponents.
   It protects you from fire.
   It protects you from cold.
   It insulates you from electricity.
   It affects your resistance to hostile enchantments.
Missiles
 d - 4 datura-tipped darts
 e - 11 poisoned darts (quivered)
Armour
 b - a +0 robe (worn)
 c - a +0 cloak (worn)
 h - a +2 hat of magic resistance (worn)
 F - a scarf of spirit shield
Jewellery
 a - an uncursed ring of fire
 j - a ring of positive energy (left hand)
 s - an amulet of guardian spirit (around neck)
Wands
 q - a wand of digging (5)
 r - a wand of enslavement (8)
 A - a wand of iceblast (4)
 I - a wand of disintegration (8)
Scrolls
 u - 4 scrolls of teleportation
 v - 2 scrolls of enchant weapon
 B - a scroll of immolation
 D - 4 scrolls of remove curse
 G - 4 scrolls of magic mapping
Potions
 g - 3 potions of resistance
 i - a potion of agility
 k - 5 potions of curing
 l - 3 potions of flight
 m - a potion of cancellation
 n - 4 potions of heal wounds
 o - a potion of might {unknown}
 t - a potion of brilliance
 w - a potion of ambrosia {unknown}
 z - a potion of magic {unknown}
 C - a potion of mutation {unknown}
 E - 2 potions of lignification
 H - a potion of haste
Comestibles
 f - 21 rations


   Skills:
 - Level 1.5 Fighting
 + Level 9.5 Short Blades
 - Level 2.0 Throwing
 * Level 15.9 Dodging
 + Level 13.7 Stealth


You had 9 spell levels left.
You didn't know any spells.
Your spell library contained the following spells:

 Spells                   Type           Power        Failure   Level  Hunger
 Animate Skeleton         Necr           N/A          32%         1    ##.....
 Apportation              Tloc           #.....       32%         1    ##.....
 Confusing Touch          Hex            #.....       32%         1    ##.....
 Magic Dart               Conj           #...         32%         1    ##.....
 Summon Butterflies       Summ           #.......     32%         1    ##.....
 Summon Small Mammal      Summ           #...         32%         1    ##.....
 Blink                    Tloc           N/A          45%         2    ###....
 Call Imp                 Summ           #.......     45%         2    ###....
 Slow                     Hex            #.......     45%         2    ###....
 Call Canine Familiar     Summ           #.......     69%         3    ####...
 Conjure Flame            Conj/Fire      #.......     69%         3    ####...
 Mephitic Cloud           Conj/Pois/Air  #.......     69%         3    ####...
 Summon Ice Beast         Ice/Summ       #.......     97%         4    #####..
 Summon Mana Viper        Hex/Summ       #.......     100%        5    ######.
 Summon Hydra             Summ           #.........   100%        7    #######


Dungeon Overview and Level Annotations

Branches:
Dungeon (10/15)            Temple (1/1) D:4            Lair (0/6) D:8
    Orc: D:9-12

Altars:
Ashenzari
Dithmenos
Elyvilon
Fedhas
Gozag
Hepliaklqana
Kikubaaqudgha
Makhleb
Nemelex Xobeh
Okawaru
Qazlal
Ru
Sif Muna
Trog
Uskayaw
Vehumet
Wu Jian
Xom
Yredelemnul
Zin
The Shining One
Beogh

Shops:
D:7 *(:**

Annotations:
D:9 3 runed translucent doors, hofbold's ghost, novice GrMo
D:10 Harold


Innate Abilities, Weirdness & Mutations

You are very small and have problems with some larger weapons.
You are too small for most types of armour.
You have supernaturally acute eyesight. (SInv)
You are a herbivore.
You cover ground extremely quickly.
You need to consume almost no food.


Message History

Harold shouts!
Throwing (i - inventory. (/) - cycle)
e - 12 poisoned darts (quivered)
Press: ? - help, Shift-Dir - straight line, f - you, p - Harold Really target yourself? [Y]es or [N]o only, please.
Really target yourself? [Y]es or [N]o only, please.
Really target yourself? [Y]es or [N]o only, please.
Really target yourself?
Okay, then.
Throwing (i - inventory. (/) - cycle)
e - 12 poisoned darts (quivered)
Press: ? - help, Shift-Dir - straight line, f - Harold
Aim: Harold, wielding a +0 scimitar, wearing a +0 chain mail and carrying a wand of acid (10) (fast, unusually strong, poisoned, frenzied and insane)
You throw a poisoned dart. The poisoned dart hits Harold.
Harold looks even sicker.
Harold shouts!
Harold hits you with a +0 scimitar!!
Ouch! That really hurt!
You die...

######################
#....)................
#........O.....###.###
#......##......# #.#
#.....(##......# #.#
#......##......# #.#
#......##......###.#
#....@.##..........#
#...@..##..........#
#......##......###(#
#....?.# ... #.#
#......# .## #.#
#.###..# ..# #.# #.#
#).##..## #.### #.#
#(.(...##. #.... #.#
#(.....##..###.###


You could see the neutral Harold (insane).

Vanquished Creatures
  A centaur warrior (D:8)
  An elephant (D:7)
  2 hippogriffs
  3 hogs (D:8)
  2 wyverns
  2 basilisks
  A human (D:8)
  3 yaks (D:8)
  3 orc warriors
  An ice beast (D:5)
  A necrophage (D:7)
  2 sky beasts
  4 ogres
  7 centaurs
  2 phantoms
  A crocodile (D:9)
  Blork the orc (D:4)
  A big kobold (D:10)
  4 bullfrogs
  A water moccasin zombie (D:8)
  A wyvern skeleton (D:8)
  3 scorpions
  5 killer bees (D:8)
  A howler monkey (D:7)
  3 bullfrog zombies
  5 crimson imps
  A centaur zombie (D:6)
  7 hounds
  6 jellies
  2 centaur skeletons
  2 orc priests (D:8)
  12 orc wizards
  2 bullfrog skeletons
  8 worker ants
  A hound zombie (D:7)
  2 hound skeletons (D:8)
  3 gnolls
  12 adders
  2 shadow imps
  An ooze (D:7)
  An adder zombie (D:5)
  A worm (D:3)
  2 dart slugs
  3 leopard geckos
  30 orcs
  A ball python (D:1)
  8 bats
  6 giant cockroaches
  6 goblins
  4 hobgoblins
  16 jackals
  8 quokkas
  5 frilled lizards
  A jackal skeleton (D:7)
  10 kobolds
  2 leopard gecko skeletons
  2 quokka skeletons (D:6)
  A quokka zombie (D:8)
  3 rats
232 creatures vanquished.

Vanquished Creatures (collateral kills)
  A two-headed ogre (D:10)
1 creature vanquished.

Vanquished Creatures (others)
  An orc (D:8)
  A spectral orc (D:8)
2 creatures vanquished.

Grand Total: 235 creatures vanquished

Notes
Turn   | Place    | Note
-------+----------+-------------------------------------------
     0 | D:1      | PentaManta the Spriggan Assassin began the quest for the
                  | Orb.
     0 | D:1      | Reached XP level 1. HP: 10/10 MP: 2/2
    46 | D:1      | Reached skill level 2 in Dodging
   212 | D:1      | Reached XP level 2. HP: 11/14 MP: 3/3
   776 | D:1      | Reached skill level 3 in Dodging
  1040 | D:2      | Reached XP level 3. HP: 13/18 MP: 4/4
  2182 | D:3      | Found a faded altar of an unknown god.
  2238 | D:3      | Reached skill level 4 in Dodging
  2273 | D:2      | Reached XP level 4. HP: 5/22 MP: 5/5
  2562 | D:3      | Found an iron altar of Okawaru.
  3025 | D:3      | Reached skill level 5 in Dodging
  3151 | D:3      | Reached XP level 5. HP: 13/25 MP: 6/6
  3348 | D:3      | Noticed a sky beast
  3365 | D:3      | HP: 1/25 [sky beast (6)]
  3385 | D:3      | Killed a sky beast
  3385 | D:3      | Reached skill level 6 in Dodging
  4481 | D:4      | Found a staircase to the Ecumenical Temple.
  4544 | D:4      | Reached XP level 6. HP: 17/30 MP: 7/7
  4821 | Temple   | Entered the Ecumenical Temple
  4939 | Temple   | Became a worshipper of Uskayaw the Reveler
  5099 | D:4      | Found a white marble altar of Elyvilon.
  5104 | D:4      | Noticed Blork the orc
  5145 | D:3      | Reached * piety under Uskayaw
  5179 | D:4      | Killed Blork the orc
  5416 | D:4      | Found a shattered altar of Ashenzari.
  5522 | D:5      | Entered Level 5 of the Dungeon
  5545 | D:5      | Reached skill level 7 in Dodging
  5598 | D:5      | Reached ** piety under Uskayaw
  5634 | D:5      | Reached XP level 7. HP: 24/33 MP: 6/8
  5729 | D:5      | Reached skill level 8 in Dodging
  6032 | D:5      | Reached skill level 5 in Short Blades
  6290 | D:6      | Reached skill level 9 in Dodging
  6523 | D:6      | Reached XP level 8. HP: 37/37 MP: 9/9
  6938 | D:6      | Identified a scroll of acquirement
  6991 | D:6      | Reached skill level 10 in Dodging
  7125 | D:6      | Reached *** piety under Uskayaw
  7134 | D:6      | Reached **** piety under Uskayaw
  7140 | D:6      | Reached skill level 10 in Stealth
  7140 | D:6      | Reached ***** piety under Uskayaw
  7150 | D:6      | Found a shadowy altar of Dithmenos.
  7345 | D:7      | Found Iqiany Ogur's General Store.
  7348 | D:7      | Noticed a hippogriff
  7350 | D:7      | Found Lanuamomu's Weapon Shoppe.
  7508 | D:7      | Reached skill level 11 in Dodging
  7553 | D:7      | Killed a hippogriff
  7565 | D:7      | Found an ornate altar of the Wu Jian Council.
  7572 | D:7      | Found an ancient bone altar of Kikubaaqudgha.
  7577 | D:7      | Got a smoking hand axe
  7767 | D:7      | Found Naenaf's Assorted Antiques.
  7779 | D:7      | Bought a metallic coppery potion for 20 gold pieces
  7801 | D:7      | Got a faintly glowing rapier
  7802 | D:7      | Identified the cursed +1 rapier of Weoczago {flame, rElec
                  | rF+ rC+ MR+} (You found it on level 7 of the Dungeon)
  7804 | D:7      | Identified the +8 hand axe "Dragonslayer" {freeze, rN+}
                  | (You found it on level 7 of the Dungeon)
  7842 | D:7      | Reached XP level 9. HP: 41/41 MP: 10/10
  7870 | D:7      | Found Wufabb's Book Boutique.
  8013 | D:7      | Reached skill level 12 in Dodging
  8033 | D:7      | Reached ****** piety under Uskayaw
  8145 | D:7      | Found Xiykk's General Store.
  8153 | D:7      | Bought a potion of curing for 39 gold pieces
  8400 | D:8      | Noticed a centaur warrior
  8466 | D:8      | Killed a centaur warrior
  8466 | D:8      | Reached skill level 13 in Dodging
  8633 | D:8      | Found a staircase to the Lair.
  8634 | D:8      | Noticed an elephant
  8715 | D:7      | Killed an elephant
  8715 | D:7      | Reached skill level 14 in Dodging
  8715 | D:7      | Reached XP level 10. HP: 17/46 MP: 4/11
  9599 | D:8      | Reached skill level 15 in Dodging
  9878 | D:8      | Found a basalt altar of Yredelemnul.
 10707 | D:9      | Found a glowing golden altar of the Shining One.
 10779 | D:9      | Found a runed translucent gate.
 10779 | D:9      | Found a runed translucent gate.
 10779 | D:9      | Found a runed translucent gate.
 10782 | D:9      | Noticed hofbold's ghost (novice GrMo)
 10783 | D:9      | Identified the +6 chain mail of Gejyumofann {rC+++ Str-3
                  | Int+6}
 11059 | D:9      | Found a radiant altar of Vehumet.
 11149 | D:9      | Found a roughly hewn altar of Beogh.
 11248 | D:10     | Entered Level 10 of the Dungeon
 11257 | D:10     | Noticed Harold
 11395 | D:10     | Noticed a two-headed ogre
 11947 | D:10     | Killed a two-headed ogre
 11969 | D:10     | Slain by Harold

Levels and vault maps discovered:
D:1:      dpeg_arrival_three_smaller_balls, layout_basic, serial_bayou_pond_a
D:2:      layout_basic
D:3:      layout_loops_ring, portal_sewer_entry_d,
          chequers_ecumenical_altar_island, okawaru_trees_1
D:4:      layout_basic, elyvilon_altar_5, kennysheep_little_box, temple_pool_b,
          uniq_blork_the_orc
D:5:      minmay_angry_zag, layout_loops_ring, first_ration,
          kennysheep_generic_room_14
D:6:      layout_basic, grunt_dithmenos_smoke
D:7:      minmay_bubble_buster, layout_basic,
          chequers_temple_overflow_statue_of_worship, serial_shops, shop,
          nicolae_shop_trees, shop, nicolae_shop_behind_doors, shop_coins
D:8:      hangedman_cross_stitches, layout_loops_corners,
          yredelemnul_forgotten_temple_becter, david_lair_generic,
          grunt_livestock
D:9:      layout_irregular_city, nicolae_overflow_hidden_temple, tso_altar,
          biasface_ghost_orc_armoury
D:10:     layout_long_grid, uniq_harold
Temple:   zaba_magenta_temple

Skill      XL: |  1  2  3  4  5  6  7  8  9 10 |
---------------+-------------------------------+-----
Dodging        | 2 3 4 5 6 7 9 11 14 15 | 15.9
Stealth        | 6 7 8 9 10 12 13 | 13.7
Short Blades   | 3 4 5 6 8 9 |  9.5
Fighting       | |  1.5
Throwing       | |  2.0

Action                   |  1- 3 |  4- 6 |  7- 9 | 10-12 || total
-------------------------+-------+-------+-------+-------++-------
Melee: Dagger            |   167 |   190 |       |       ||   357
       Short sword       |       |    23 |   220 |       ||   243
       Rapier            |       |       |   142 |   381 ||   523
Throw: Dart              |       |     9 |    20 |    30 ||    59
       Throwing net      |       |       |     2 |     2 ||     4
  Use: Scroll            |     3 |     6 |     5 |     8 ||    22
       Potion            |     1 |       |     1 |     1 ||     3
 Stab: Sleeping          |    11 |     7 |    16 |    13 ||    47
       Paralysed         |       |       |     7 |     7 ||    14
       Held in net/web   |       |       |     1 |     1 ||     2
       Distracted        |       |       |     1 |     3 ||     4
  Eat: Ration            |       |     1 |     2 |     1 ||     4
Armor: Robe              |    21 |    27 |    24 |    11 ||    83
Dodge: Dodged            |   124 |   217 |   318 |   288 ||   947
